[Event "S. A. Group BAN-chT 2018"]
[Site "Dhaka"]
[Date "2018.12.07"]
[Round "1"]
[White "Sahoo, Utkal Ranjan"]
[Black "Mohammad Minhaz Uddin"]
[Result "1-0"]
[ECO "E32"]
[WhiteElo "2286"]
[BlackElo "2290"]
[Annotator "NA"]
[PlyCount "101"]
[EventDate "2018.12.07"]
[EventType "team-tourn"]
[EventCountry "BAN"]
[SourceTitle "playchess.com"]
[Source "ChessBase"]
[SourceQuality "1"]
[TimeControl "5400+30"]

1. d4 Nf6 2. c4 e6 3. Nf3 b6 4. Nc3 Bb4 5. Qc2 Bb7 6. a3 Bxc3+ 7. Qxc3 O-O 8. Bg5 d6 9. Nd2 Nbd7 10. f3 h6 11. Bh4 c5 12. e4 Rc8 13. Bd3 cxd4 14. Qxd4 Qc7 15. O-O e5 16. Qe3 Nh5 17. Rfd1 Nf4 18. Bf1 Nb8 19. b4 Nc6 20. Nb3 Ne6 21. Qd3 g5 22. Bf2 Rcd8 23. Rac1 Ne7 24. Qc3 Bc6 25. Nd2 Ba4 26. Re1 Bc6 27. Qb3 Bb7 28. Nb1 Nc6 29. Nc3 Ncd4 30. Qd1 f5 31. Nd5 Qg7 32. exf5 Rxf5 33. Bd3 Rf7 34. Be4 Rdf8 35. Be3 Kh8 36. Qd3 g4 37. fxg4 Qxg4 38. Bxh6 Nf3+ 39. Bxf3 Rxf3 40. Re3 Rg8 41. Rc2 Nd4 42. Rb2 Qh5 43. Kh1 Qxh6 44. gxf3 Qg5 45. Qf1 Qh6 46. f4 Rg4 47. Rh3 Rh4 48. Rxh4 Qxh4 49. Rg2 Bc8 50. fxe5 Bf5 51. Nf6 1-0

[Event "S. A. Group BAN-chT 2018"]
[Site "Dhaka"]
[Date "2018.12.07"]
[Round "1"]
[White "Abu Sufian, Shakil"]
[Black "Rahman, Matiur"]
[Result "1-0"]
[ECO "B86"]
[WhiteElo "2230"]
[BlackElo "1984"]
[Annotator "NA"]
[PlyCount "99"]
[EventDate "2018.12.07"]
[EventType "team-tourn"]
[EventCountry "BAN"]
[SourceTitle "playchess.com"]
[Source "ChessBase"]
[SourceQuality "1"]
[TimeControl "5400+30"]

1. e4 c5 2. Nf3 d6 3. d4 cxd4 4. Nxd4 Nf6 5. Nc3 a6 6. Bc4 e6 7. Bb3 Be7 8. g4 h6 9. Be3 Nc6 10. Rg1 Qc7 11. Qe2 Nxd4 12. Bxd4 e5 13. Be3 Be6 14. O-O-O b5 15. Nd5 Bxd5 16. Bxd5 Nxd5 17. Rxd5 Bg5 18. Rgd1 Rd8 19. Kb1 Ke7 20. Qd2 Bxe3 21. Qxe3 f6 22. f4 g5 23. fxe5 fxe5 24. Qa3 Ke6 25. Qxa6 b4 26. Qb5 Rb8 27. Rxd6+ Qxd6 28. Rxd6+ Kxd6 29. Qd5+ Kc7 30. Qxe5+ Kb6 31. Qd6+ Ka5 32. a3 bxa3 33. Qxa3+ Kb5 34. Qd3+ Kb6 35. Qd6+ Kb5 36. b3 Rbd8 37. c4+ Ka5 38. Qc5+ Ka6 39. Kc2 Kb7 40. b4 Rhf8 41. b5 Rc8 42. Qd5+ Kb6 43. Kb3 Rfd8 44. Qe6+ Kc5 45. Qe5+ Kb6 46. Kb4 Rd1 47. c5+ Kb7 48. Qe7+ Rc7 49. c6+ Kb8 50. Qe5 1-0

[Event "S. A. Group BAN-chT 2018"]
[Site "Dhaka"]
[Date "2018.12.07"]
[Round "1"]
[White "Ahmed, Sk. Nasir"]
[Black "Jamal Uddin"]
[Result "1-0"]
[ECO "B06"]
[WhiteElo "2119"]
[BlackElo "2001"]
[Annotator "NA"]
[PlyCount "84"]
[EventDate "2018.12.07"]
[EventType "team-tourn"]
[EventCountry "BAN"]
[SourceTitle "playchess.com"]
[Source "ChessBase"]
[SourceQuality "1"]
[TimeControl "5400+30"]

1. e4 g6 2. d4 Bg7 3. Nc3 d6 4. Bg5 Nd7 5. Qd2 c5 6. d5 a6 7. a4 Qa5 8. f4 Ngf6 9. Ra3 Qb4 10. Rb3 Qd4 11. Nf3 Qxd2+ 12. Nxd2 h6 13. Bh4 Nh5 14. Ne2 Rb8 15. a5 b5 16. Bf2 O-O 17. g3 Nhf6 18. Bg2 Bb7 19. h3 c4 20. Re3 Nc5 21. O-O Rfc8 22. b3 cxb3 23. cxb3 Ncd7 24. Rd3 Nc5 25. Re3 h5 26. Rc1 Ncd7 27. Rec3 Rxc3 28. Nxc3 Rc8 29. Ne2 Rxc1+ 30. Nxc1 Nc5 31. Bxc5 dxc5 32. Nd3 h4 33. g4 Nd7 34. e5 Kf8 35. Kf1 g5 36. e6 Nf6 37. Nxc5 Bxd5 38. fxg5 Bxg2+ 39. Kxg2 Nd5 40. Nde4 Nf4+ 41. Kf3 Nxe6 42. Nxe6+ fxe6 1-0

[Event "S. A. Group BAN-chT 2018"]
[Site "Dhaka"]
[Date "2018.12.07"]
[Round "1"]
[White "Bhuiyan, Golam Mostafa"]
[Black "Hasan Md, Emam"]
[Result "1-0"]
[ECO "C41"]
[WhiteElo "2079"]
[BlackElo "2076"]
[Annotator "NA"]
[PlyCount "92"]
[EventDate "2018.12.07"]
[EventType "team-tourn"]
[EventCountry "BAN"]
[SourceTitle "playchess.com"]
[Source "ChessBase"]
[SourceQuality "1"]
[TimeControl "5400+30"]

1. e4 e5 2. Nf3 d6 3. d4 Nd7 4. Nc3 c6 5. Bc4 Be7 6. Be3 h6 7. Qd2 Ngf6 8. h3 Qc7 9. Bb3 a6 10. a4 Nf8 11. a5 Be6 12. d5 cxd5 13. exd5 Bf5 14. Nh4 Ne4 15. Nxf5 Nxd2 16. Nxg7+ Kd7 17. Ba4+ Kc8 18. Bb6 Qc4 19. Nf5 Ng6 20. Be3 Kb8 21. Kxd2 Bg5 22. Bb3 Bxe3+ 23. fxe3 Qc8 24. Nxd6 Qd7 25. Nc4 Qf5 26. Raf1 Qg5 27. Nb6 f5 28. Rf2 Kc7 29. Nxa8+ Rxa8 30. Re1 Re8 31. Kc1 e4 32. Kb1 h5 33. Rd2 Kd6 34. Rf2 Re5 35. Ref1 Nh4 36. Re2 Qd8 37. Ref2 Qg5 38. Re1 Ng6 39. Ref1 Ne7 40. g4 hxg4 41. hxg4 Qxg4 42. Rh2 Qg5 43. Rfh1 Ng6 44. Rh6 Re7 45. Ne2 Ke5 46. R1h3 Rd7 1-0

[Event "S. A. Group BAN-chT 2018"]
[Site "Dhaka"]
[Date "2018.12.07"]
[Round "1"]
[White "Hossain, Alamgir"]
[Black "Mohammed, Mainuddin"]
[Result "0-1"]
[ECO "C47"]
[WhiteElo "2052"]
[BlackElo "1950"]
[Annotator "NA"]
[PlyCount "74"]
[EventDate "2018.12.07"]
[EventType "team-tourn"]
[EventCountry "BAN"]
[SourceTitle "playchess.com"]
[Source "ChessBase"]
[SourceQuality "1"]
[TimeControl "5400+30"]

1. e4 e5 2. Nf3 Nf6 3. Nc3 Nc6 4. d4 exd4 5. Nxd4 Bb4 6. Nxc6 Bxc3+ 7. bxc3 bxc6 8. Bd3 d6 9. O-O O-O 10. Bg5 Qe7 11. f4 d5 12. Bxf6 Qxf6 13. exd5 Qxc3 14. dxc6 Qxc6 15. Kh1 Bb7 16. Qg4 f5 17. Qh3 Rf6 18. Rf2 Raf8 19. Rb1 Qc5 20. Re2 Bc6 21. Re5 Qd4 22. Qe3 Qa4 23. a3 Rg6 24. Rg1 Rg4 25. Rxf5 Rxf4 26. Qe6+ Kh8 27. Rxf4 Rxf4 28. Qc8+ Be8 29. Re1 Rf8 30. Qh3 h6 31. Qe6 Bb5 32. Bg6 Bc6 33. h3 Qh4 34. Kh2 Qf4+ 35. Kh1 Qg3 36. Rg1 Bxg2+ 37. Rxg2 Rf1+ 0-1

[Event "S. A. Group BAN-chT 2018"]
[Site "Dhaka"]
[Date "2018.12.07"]
[Round "1"]
[White "abu, Hanif"]
[Black "Islam, Kh. Aminul"]
[Result "1/2-1/2"]
[ECO "A05"]
[WhiteElo "2002"]
[BlackElo "2253"]
[Annotator "NA"]
[PlyCount "102"]
[EventDate "2018.12.07"]
[EventType "team-tourn"]
[EventCountry "BAN"]
[SourceTitle "playchess.com"]
[Source "ChessBase"]
[SourceQuality "1"]
[TimeControl "5400+30"]

1. Nf3 Nf6 2. g3 b6 3. Bg2 Bb7 4. d3 c5 5. Nc3 d5 6. e4 e6 7. Bf4 Be7 8. a3 Nc6 9. e5 Nd7 10. h4 a6 11. Nb1 h6 12. Nbd2 Nf8 13. c3 Ng6 14. Qe2 Qd7 15. d4 Nxf4 16. gxf4 h5 17. Qd3 g6 18. Ng5 cxd4 19. cxd4 Bxg5 20. fxg5 Ne7 21. O-O Bc6 22. Rfc1 Bb5 23. Qf3 O-O 24. Bh3 Rfc8 25. Qe3 Rxc1+ 26. Rxc1 Rc8 27. Rc3 Rc6 28. f4 Qc8 29. Kf2 Kf8 30. Rxc6 Qxc6 31. Qc3 Qb7 32. Ke3 Ke8 33. Qb4 Qc6 34. Qc3 Qxc3+ 35. bxc3 Ba4 36. Nf1 Bb5 37. Ng3 Kd7 38. Bg2 Ba4 39. Bf1 b5 40. Be2 Bb3 41. Kd2 Bc4 42. Bd1 Ke8 43. Kc2 Kf8 44. Kb2 Nc6 45. Kc2 Na5 46. Kd2 Ba2 47. Be2 Ke7 48. Kc2 Bc4 49. Bf3 Bb3+ 50. Kb2 Bc4 51. Bd1 Bd3 1/2-1/2

[Event "S. A. Group BAN-chT 2018"]
[Site "Dhaka"]
[Date "2018.12.07"]
[Round "1"]
[White "Khan, Jewel"]
[Black "Islam, Mohammad Aminul"]
[Result "1/2-1/2"]
[ECO "A55"]
[WhiteElo "1957"]
[BlackElo "1959"]
[Annotator "NA"]
[PlyCount "137"]
[EventDate "2018.12.07"]
[EventType "team-tourn"]
[EventCountry "BAN"]
[SourceTitle "playchess.com"]
[Source "ChessBase"]
[SourceQuality "1"]
[TimeControl "5400+30"]

1. d4 Nf6 2. c4 d6 3. Nf3 Nbd7 4. Nc3 e5 5. e4 Be7 6. Bd3 O-O 7. O-O c5 8. dxe5 Nxe5 9. Nxe5 dxe5 10. Nd5 Nxd5 11. cxd5 f5 12. f4 fxe4 13. Bxe4 Bf6 14. fxe5 Bxe5 15. Bxh7+ Kxh7 16. Qh5+ Kg8 17. Rxf8+ Qxf8 18. Qxe5 Bf5 19. d6 Re8 20. Qd5+ Be6 21. Qxc5 Rd8 22. Bd2 Qxd6 23. Qxd6 Rxd6 24. Bc3 a6 25. Re1 Kf7 26. a3 b5 27. Re3 Bd5 28. Re5 g6 29. h4 Be6 30. h5 gxh5 31. Rxh5 Kg6 32. Re5 Kf7 33. Rg5 Bd7 34. Rg7+ Kf8 35. Kf2 Rd3 36. Rg6 Bc8 37. Rc6 Rd8 38. Rc7 Re8 39. Kf3 Be6 40. g4 Bd5+ 41. Kf4 Bf7 42. Bf6 a5 43. g5 Bg6 44. Bg7+ Kg8 45. Bc3 b4 46. axb4 axb4 47. Be5 Rb8 48. Ke3 Rb6 49. Kd4 b3 50. Kc5 Bc2 {[%emt 0:01:30] Kb5 Ra6 Kb4 [%clk 0:00:00] Re6 [%clk 0:00:00]} 51. Rd7 Ra6 52. Bf6 Re6 53. Kb5 Kf8 54. Bc3 Ke8 55. Kc5 Kf8 56. Rc7 Ra6 57. Kd5 Rg6 58. Ke5 Re6+ 59. Kf4 Kg8 60. Kg4 Bg6 {[%emt 0:00:30] Kh5 Bf7+ [%clk 0:00:00] Kh6 Re3 [%clk 0:00:00]} 61. Bf6 Re8 62. Rc3 Re2 63. Rc8+ Re8 64. Rc1 Re2 65. Rc8+ Be8 66. g6 Rh2 67. Kg5 Rg2+ 68. Kf5 Kf8 69. Ke4 1/2-1/2

[Event "S. A. Group BAN-chT 2018"]
[Site "Dhaka"]
[Date "2018.12.07"]
[Round "1"]
[White "Alam, Badrul"]
[Black "Khan, Mokaddesur Rahman"]
[Result "0-1"]
[ECO "B92"]
[WhiteElo "1858"]
[BlackElo "1942"]
[Annotator "NA"]
[PlyCount "56"]
[EventDate "2018.12.07"]
[EventType "team-tourn"]
[EventCountry "BAN"]
[SourceTitle "playchess.com"]
[Source "ChessBase"]
[SourceQuality "1"]
[TimeControl "5400+30"]

1. e4 c5 2. Nf3 d6 3. d4 cxd4 4. Nxd4 Nf6 5. Nc3 a6 6. Be2 e5 7. Nb3 Be6 8. Bg5 Be7 9. Bxf6 Bxf6 10. Nd5 Bg5 11. h4 Bh6 12. g4 g6 13. Qd3 Nc6 14. g5 Bg7 15. c3 Rc8 16. O-O-O Nd4 17. Kb1 Bxd5 18. exd5 Nxb3 19. axb3 Qb6 20. Qc2 O-O 21. Bg4 Rc5 22. h5 Rb5 23. hxg6 hxg6 24. b4 a5 25. f3 axb4 26. c4 Ra5 27. Qh2 Rfa8 28. Kc1 Qe3+ 0-1

[Event "S. A. Group BAN-chT 2018"]
[Site "Dhaka"]
[Date "2018.12.07"]
[Round "2"]
[White "Abu Sufian, Shakil"]
[Black "Hamid, Rani"]
[Result "1-0"]
[ECO "B43"]
[WhiteElo "2230"]
[BlackElo "1932"]
[Annotator "NA"]
[PlyCount "95"]
[EventDate "2018.12.07"]
[EventType "team-tourn"]
[EventCountry "BAN"]
[SourceTitle "playchess.com"]
[Source "ChessBase"]
[SourceQuality "1"]
[TimeControl "5400+30"]

1. e4 c5 2. Nf3 e6 3. d4 cxd4 4. Nxd4 a6 5. Nc3 Qc7 6. Be2 Nf6 7. O-O Be7 8. Be3 b5 9. Bf3 Nc6 10. e5 Ng8 11. a4 bxa4 12. Nxc6 dxc6 13. Nxa4 Rb8 14. Re1 c5 15. Qd2 h5 16. b3 h4 17. h3 Nh6 18. Qc3 Nf5 19. Bxc5 O-O 20. Bxe7 Qxc3 21. Nxc3 Nxe7 22. Be4 Bb7 23. Bd3 Nc6 24. Ra4 Rfd8 25. Rxh4 Nd4 26. Ne2 Nxe2+ 27. Rxe2 g6 28. Ra4 Ra8 29. f4 a5 30. Be4 Bxe4 31. Raxe4 Rac8 32. Ra4 Rc5 33. Kf2 Rdc8 34. c4 Rd8 35. h4 Rd1 36. Re3 Rh1 37. g3 Rb1 38. Rd3 Kg7 39. Ke3 Kh6 40. Kd4 Rc8 41. Rxa5 Rd8+ 42. Ke3 Rxd3+ 43. Kxd3 Rxb3+ 44. Kd4 Rxg3 45. c5 Rf3 46. c6 Rxf4+ 47. Kc5 Rf1 48. c7 1-0

[Event "S. A. Group BAN-chT 2018"]
[Site "Dhaka"]
[Date "2018.12.07"]
[Round "2"]
[White "Anata, Choudhury"]
[Black "Mehdi Hasan Parag"]
[Result "0-1"]
[ECO "B19"]
[WhiteElo "2169"]
[BlackElo "2218"]
[Annotator "NA"]
[PlyCount "90"]
[EventDate "2018.12.07"]
[EventType "team-tourn"]
[EventCountry "BAN"]
[SourceTitle "playchess.com"]
[Source "ChessBase"]
[SourceQuality "1"]
[TimeControl "5400+30"]

1. e4 c6 2. d4 d5 3. Nd2 dxe4 4. Nxe4 Bf5 5. Ng3 Bg6 6. h4 h6 7. Nf3 e6 8. Ne5 Bh7 9. Bd3 Bxd3 10. Qxd3 Nd7 11. Qe2 Ngf6 12. Bd2 a5 13. O-O-O Be7 14. f4 O-O 15. Nf1 h5 16. Ne3 Ne4 17. Be1 Ndf6 18. g4 hxg4 19. f5 Qc8 20. Rf1 a4 21. h5 a3 22. b3 Nd5 23. fxe6 Qxe6 24. Nxd5 cxd5 25. Qxg4 Qxg4 26. Nxg4 f5 27. Ne5 Rac8 28. Rd3 Rc7 29. Ba5 Rcc8 30. Kd1 b6 31. Be1 Bg5 32. Nd7 Rfd8 33. Nxb6 Rc6 34. Na4 Rdc8 35. c3 f4 36. Rff3 Kh7 37. b4 Rh6 38. Nc5 Rxh5 39. Ne6 Rh1 40. Nxg5+ Nxg5 41. Rxf4 Kg6 42. Re3 Ne4 43. Rff3 Rg1 44. Re2 Rxc3 45. Rxc3 Nxc3+ {[%emt 0:00:04] Re3 [%clk 0:00:50]} 0-1

[Event "S. A. Group BAN-chT 2018"]
[Site "Dhaka"]
[Date "2018.12.07"]
[Round "2"]
[White "Hossain, Showkat Pollab"]
[Black "Aronyak Ghosh"]
[Result "0-1"]
[ECO "B02"]
[WhiteElo "2131"]
[BlackElo "2343"]
[Annotator "ChessBase"]
[PlyCount "110"]
[EventDate "2018.12.07"]
[EventType "team-tourn"]
[EventCountry "BAN"]
[SourceTitle "playchess.com"]
[Source "ChessBase"]
[SourceQuality "1"]
[TimeControl "5400+30"]

1. e4 Nf6 2. Qe2 d6 3. h3 c5 4. b3 g6 5. Bb2 Bg7 6. g4 e5 7. Nc3 Nc6 8. Nf3 O-O 9. Qe3 Nd4 10. Bd3 Bxg4 11. Nxe5 Bh5 12. Ng4 Nxg4 13. hxg4 Bxg4 14. Kf1 h5 15. Rc1 Nf3 16. Be2 Bd4 17. Qd3 Qf6 18. Bxf3 Qxf3 19. Qxf3 Bxf3 20. Rh3 Bxe4 21. Nxe4 Bxb2 22. Re1 Be5 23. Nxc5 Rfc8 24. Nd3 Rxc2 25. Nxe5 dxe5 26. Rd3 Re8 27. a4 Rc7 28. Rd5 Rce7 29. Rc1 f6 30. Ke2 Kf7 31. a5 Ke6 32. Rdc5 Rd8 33. b4 Rd4 34. b5 Red7 35. R1c2 R4d5 36. a6 Rxc5 37. Rxc5 bxa6 38. bxa6 Rd6 39. Ra5 Kf5 40. Ra1 g5 41. f3 g4 42. fxg4+ hxg4 43. Ke3 Ke6 44. d3 f5 45. Rh1 f4+ 46. Ke2 Kd5 47. Ra1 g3 48. Kf3 Ke6 49. Ra3 Kf5 50. Ke2 Kg4 51. Ra5 f3+ 52. Ke3 f2 53. Ra4+ Kh3 54. Ra1 Rf6 55. Ke2 g2 0-1

[Event "S. A. Group BAN-chT 2018"]
[Site "Dhaka"]
[Date "2018.12.07"]
[Round "2"]
[White "S M Sharon"]
[Black "Hasan Md, Emam"]
[Result "0-1"]
[ECO "C41"]
[WhiteElo "2123"]
[BlackElo "2076"]
[Annotator "NA"]
[PlyCount "130"]
[EventDate "2018.12.07"]
[EventType "team-tourn"]
[EventCountry "BAN"]
[SourceTitle "playchess.com"]
[Source "ChessBase"]
[SourceQuality "1"]
[TimeControl "5400+30"]

1. e4 e5 2. Nf3 d6 3. Bc4 c6 4. d4 Nd7 5. dxe5 dxe5 6. Ng5 Nh6 7. O-O Qe7 8. Kh1 Nb6 9. Bb3 f6 10. Nf3 Nf7 11. Be3 Bg4 12. Nbd2 O-O-O 13. Bxf7 Bxf3 14. Qxf3 Qxf7 15. Qe2 g5 16. Rfd1 Be7 17. a4 Kc7 18. a5 Nc8 19. Rdb1 Qf8 20. Nc4 Bc5 21. c3 Bxe3 22. Qxe3 Qf7 23. Qc5 Qe7 24. Qxe7+ Nxe7 25. Rd1 Nc8 26. g3 Nd6 27. Nxd6 Rxd6 28. Rxd6 Kxd6 29. Rd1+ Ke6 30. Kg2 g4 31. h3 h5 32. h4 b6 33. axb6 axb6 34. Ra1 Kd6 35. Ra7 Kc5 36. Rf7 Rh6 37. Rc7 Kb5 38. Kf1 c5 39. Ke2 f5 40. exf5 Rf6 41. Rg7 Rxf5 42. Rg5 Rf6 43. Rxe5 Kc4 44. b4 cxb4 45. cxb4 Kxb4 46. Rxh5 Kc4 47. Rg5 b5 48. Rxg4+ Kc3 49. Rg8 b4 50. Rb8 b3 51. f4 b2 52. Ke3 Re6+ 53. Kf2 Re8 54. Rb7 Re7 55. Rb6 Re6 56. Rb5 Re4 57. Rxb2 Kxb2 58. Kf3 Re8 59. h5 Kc3 60. g4 Kd4 61. g5 Re3+ 62. Kg4 Ke4 63. f5 Re1 64. f6 Rg1+ 65. Kh4 Ke5 0-1

[Event "S. A. Group BAN-chT 2018"]
[Site "Dhaka"]
[Date "2018.12.07"]
[Round "2"]
[White "Khan, Jewel"]
[Black "Mohammad Minhaz Uddin"]
[Result "0-1"]
[ECO "D04"]
[WhiteElo "1957"]
[BlackElo "2290"]
[Annotator "ChessBase"]
[PlyCount "152"]
[EventDate "2018.12.07"]
[EventType "team-tourn"]
[EventCountry "BAN"]
[SourceTitle "playchess.com"]
[Source "ChessBase"]
[SourceQuality "1"]
[TimeControl "5400+30"]

1. d4 Nf6 2. e3 d5 3. Nf3 Bg4 4. Bd3 e6 5. O-O c5 6. c4 Nc6 7. cxd5 exd5 8. dxc5 Bxc5 9. a3 a6 10. b4 Ba7 11. Bb2 O-O 12. Nbd2 Re8 13. Rc1 Ne4 14. Nb3 Qe7 15. Be2 Rad8 16. Nbd4 Rd6 17. Nxc6 bxc6 18. Nd4 Bd7 19. Bg4 Bxg4 20. Qxg4 Bxd4 21. Bxd4 Rg6 22. Qe2 f5 23. f3 Ng5 24. f4 Ne4 25. Rf3 Ra8 26. Rh3 h6 27. Bc5 Qd7 28. Qb2 Kh7 29. Rf3 a5 30. Rff1 axb4 31. axb4 Qb7 32. Rc2 Re6 33. Qd4 Ra4 34. Rb1 Qa8 35. h3 Rg6 36. Kh2 Ra2 37. Rxa2 Qxa2 38. Qb2 Qc4 39. Rc1 Qb5 40. Bd4 Qb8 41. Rg1 Rg3 42. Rf1 Qd8 43. Qe2 Qe8 44. Rf3 Qg6 45. Rxg3 Qxg3+ 46. Kg1 Kg6 47. Qf1 h5 48. Qe2 h4 49. Qf1 Kh6 50. Qe2 Kg6 51. Qf1 Kh7 52. Qe2 Qg6 53. Kh2 Kh6 54. Qe1 Qg3+ 55. Qxg3 hxg3+ 56. Kg1 Kg6 57. Kf1 Kf7 58. Ke2 g6 59. Kf3 Ke6 60. Bb6 Kd7 61. Ke2 Kc8 62. Kf3 Kb7 63. Bd8 Ka6 64. Be7 Kb5 65. Bf8 Kc4 66. Be7 Kc3 67. Bf8 Kd2 68. Be7 Ke1 69. Bf8 Kf1 70. Be7 Kg1 71. Bh4 Kh2 72. Be7 Nd2+ 73. Ke2 Kxg2 74. Kxd2 Kf1 75. e4 dxe4 76. Bc5 g2 0-1

[Event "S. A. Group BAN-chT 2018"]
[Site "Dhaka"]
[Date "2018.12.07"]
[Round "2"]
[White "Zia, Tahsin Tajwar"]
[Black "Subhayan Kundu"]
[Result "0-1"]
[ECO "A04"]
[WhiteElo "1925"]
[BlackElo "2185"]
[Annotator "NA"]
[PlyCount "76"]
[EventDate "2018.12.07"]
[EventType "team-tourn"]
[EventCountry "BAN"]
[SourceTitle "playchess.com"]
[Source "ChessBase"]
[SourceQuality "1"]
[TimeControl "5400+30"]

1. Nf3 c5 2. g3 Nc6 3. Bg2 g6 4. O-O Bg7 5. d3 d6 6. Nbd2 e5 7. e4 Nge7 8. c3 O-O 9. a3 a5 10. a4 h6 11. Nc4 f5 12. h3 Be6 13. Nfd2 f4 14. g4 g5 15. Na3 Ng6 16. Nb5 Rf7 17. f3 d5 18. Qc2 Nh4 19. exd5 Bxd5 20. Ne4 Bf8 21. Na3 Rd7 22. Nc4 Be6 23. Nf2 e4 24. Nxe4 Rxd3 25. Nb6 Qxb6 26. Qxd3 c4+ 27. Be3 fxe3 28. Qe2 Ng6 29. f4 Nxf4 30. Rxf4 gxf4 31. g5 Ne5 32. Nf6+ Kh8 33. Be4 f3 34. Bxf3 Bg7 35. Rf1 Bxf6 36. gxf6 Rg8+ 37. Kh2 Nxf3+ 38. Rxf3 Qd6+ 0-1

[Event "S. A. Group BAN-chT 2018"]
[Site "Dhaka"]
[Date "2018.12.08"]
[Round "3"]
[White "Aronyak Ghosh"]
[Black "Mihir Lal, Das"]
[Result "1/2-1/2"]
[ECO "A16"]
[WhiteElo "2343"]
[BlackElo "2010"]
[Annotator "NA"]
[PlyCount "79"]
[EventDate "2018.12.07"]
[EventType "team-tourn"]
[EventCountry "BAN"]
[SourceTitle "playchess.com"]
[Source "ChessBase"]
[SourceQuality "1"]
[TimeControl "5400+30"]

1. c4 Nf6 2. Nc3 d5 3. cxd5 Nxd5 4. g3 g6 5. Bg2 Nxc3 6. bxc3 Bg7 7. Rb1 c6 8. Nf3 O-O 9. O-O b6 {[%emt 0:01:42] A16: English Opening: 1...Nf6 with ...d5} 10. c4 Nd7 11. d3 Bb7 12. Bb2 c5 13. Bxg7 Kxg7 14. a4 Qc7 {[%emt 0:01:35] [#]} 15. Qd2 $146 ({Predecessor:} 15. a5 Bc6 16. Qd2 bxa5 17. Nh4 Bxg2 18. Nxg2 a4 19. Ne3 {1-0 (54) Serper,G (2535)-Zugic,I (2335) North Bay 1998}) 15... Rab8 16. Rb2 Bxf3 17. Bxf3 Ne5 18. Bg2 Nc6 19. Bxc6 Qxc6 20. Ra1 a6 21. Rb3 Rb7 22. Qb2+ f6 23. Rb1 Rfb8 24. Qc3 $11 h5 25. h4 Qd7 26. Qa1 Qc6 27. e4 e5 28. Rf1 Qd7 29. f4 Qh3 30. Qe1 b5 31. fxe5 bxc4 32. Rxb7+ Rxb7 33. exf6+ Kf7 34. e5 Rb2 35. e6+ Kg8 36. f7+ Kh7 37. Rf2 Qxg3+ 38. Kf1 Qh3+ 39. Kg1 Qg3+ 40. Kf1 1/2-1/2

[Event "S. A. Group BAN-chT 2018"]
[Site "Dhaka"]
[Date "2018.12.08"]
[Round "3"]
[White "Sidhant, Mohapatra"]
[Black "Khan, Jewel"]
[Result "1-0"]
[ECO "E01"]
[WhiteElo "2343"]
[BlackElo "1957"]
[Annotator "NA"]
[PlyCount "79"]
[EventDate "2018.12.07"]
[EventType "team-tourn"]
[EventCountry "BAN"]
[SourceTitle "playchess.com"]
[Source "ChessBase"]
[SourceQuality "1"]
[TimeControl "5400+30"]

1. Nf3 Nf6 2. c4 e6 3. g3 d5 4. Bg2 Bd6 5. O-O O-O 6. Qc2 c6 7. d4 Nbd7 8. Nbd2 Qc7 {[%emt 0:07:15] LiveBook: 4 Games} 9. b3 b6 10. Bb2 Bb7 11. Rac1 Rac8 12. Rfd1 Qb8 13. e4 Nxe4 14. Nxe4 dxe4 15. Qxe4 Nf6 16. Qe2 Nd7 17. c5 Be7 18. b4 Rfe8 19. a4 a6 20. h4 Bf6 21. Ne5 Nxe5 22. dxe5 Be7 23. h5 a5 24. h6 g6 25. bxa5 bxa5 26. Qe3 Ba6 27. Ba3 f6 (27... Rc7 $16 28. Qc3 Rec8) 28. exf6 Bxf6 29. Rd6 Re7 $18 (29... Qb7 $142 30. Bh3 (30. Rxe6 Qf7 $18) 30... Kh8) 30. Bxc6 Kf7 31. Bd7 Qxd6 32. cxd6 Rxd7 33. Rxc8 Bxc8 34. Qc5 Bb7 35. Qb5 Ke8 36. Bb2 Bxb2 37. Qxb2 Rf7 38. Qh8+ Kd7 39. Qg8 Rf5 40. Qxh7+ 1-0

[Event "S. A. Group BAN-chT 2018"]
[Site "Dhaka"]
[Date "2018.12.08"]
[Round "3"]
[White "Mehdi Hasan Parag"]
[Black "Arpan, Das"]
[Result "1/2-1/2"]
[ECO "C55"]
[WhiteElo "2218"]
[BlackElo "2186"]
[Annotator "NA"]
[PlyCount "71"]
[EventDate "2018.12.07"]
[EventType "team-tourn"]
[EventCountry "BAN"]
[SourceTitle "playchess.com"]
[Source "ChessBase"]
[SourceQuality "1"]
[TimeControl "5400+30"]

1. e4 e5 2. Nf3 Nc6 3. Bc4 Nf6 4. d3 Be7 5. O-O O-O 6. Re1 d6 7. a4 Na5 8. Ba2 {[%emt 0:00:16] C55: Two Knights: 4 d3, 4 d4 exd4 5 e5 and Max Lange Attack} c5 9. c3 Nc6 10. Na3 h6 (10... a6 11. Nc2 h6 12. Ne3 Re8 13. h3 Bf8 14. Nd5 Rb8 15. Be3 Be6 {½-½ (43) Van Foreest,J (2629)-Harikrishna,P (2744) Riadh 2017}) 11. h3 Be6 12. Bxe6 fxe6 13. Nc4 Nh7 $146 ({Predecessor:} 13... Rc8 14. Bd2 {1-0 (51) Sammed Jaykumar,S (2320)-Wagh,S (2207) Kankarbagh 2017}) 14. b3 Ng5 15. Nxg5 Bxg5 16. Bxg5 hxg5 17. Qg4 Qe7 18. Qg3 Rf4 19. Ne3 Raf8 20. Ng4 $14 d5 21. exd5 exd5 22. Ra2 d4 23. c4 Qc7 24. Rae2 R8f5 25. f3 Qb6 26. Nxe5 Nxe5 27. Rxe5 Qxb3 28. Rxf5 Rxf5 29. Re8+ Kf7 30. Qe1 Rf6 31. Qe7+ Kg6 32. Qe4+ Kf7 33. Qe7+ Kg6 34. Rg8 Qd1+ 35. Kh2 Qxd3 36. Qxg7+ 1/2-1/2

[Event "S. A. Group BAN-chT 2018"]
[Site "Dhaka"]
[Date "2018.12.08"]
[Round "3"]
[White "Mohammed Abdul, Malek"]
[Black "Mohammad Minhaz Uddin"]
[Result "1/2-1/2"]
[ECO "C42"]
[WhiteElo "2208"]
[BlackElo "2290"]
[Annotator "NA"]
[PlyCount "125"]
[EventDate "2018.12.07"]
[EventType "team-tourn"]
[EventCountry "BAN"]
[SourceTitle "playchess.com"]
[Source "ChessBase"]
[SourceQuality "1"]
[TimeControl "5400+30"]

1. e4 e5 2. Nf3 Nf6 3. Nxe5 d6 4. Nf3 Nxe4 5. Qe2 Qe7 6. d3 Nf6 7. Bg5 Be6 8. Nc3 c6 {[%emt 0:03:50] C42: Petroff Defence: 3 Nxe5 and unusual White 3rd moves} 9. h3 $146 ({Predecessor:} 9. O-O-O Nbd7 10. Nd4 O-O-O 11. f4 h6 12. Bh4 g5 13. fxg5 Nh7 14. Nxe6 fxe6 15. Bf2 Qxg5+ 16. Kb1 {0-1 (78) Meylan,A (2179)-Vitoux,C (2384) Brest 2018}) 9... h6 10. Bh4 g5 11. Bg3 Nh5 12. Bh2 Bg7 13. d4 Nd7 14. O-O-O Nb6 15. Kb1 Nf6 16. Qd2 O-O-O 17. Bd3 Qc7 18. Rhe1 $14 Nc4 19. Qe2 b5 20. Bxc4 Bxc4 21. Qd2 Be6 22. a3 Rhe8 23. Ng1 Nd5 24. Nxd5 Bxd5 25. Rxe8 Rxe8 26. f4 f6 27. g4 Bf8 28. Re1 Rxe1+ 29. Qxe1 Qe7 30. Qxe7 Bxe7 31. Kc1 Kd7 32. Kd2 Be4 33. c3 Ke6 34. f5+ Kd5 35. b3 a5 36. Ne2 c5 37. c4+ bxc4 38. Nc3+ Kxd4 39. Bg1+ Ke5 40. Ke3 Bxf5 41. Bh2+ Ke6 42. gxf5+ Kxf5 43. bxc4 Ke6 44. a4 f5 45. Nd5 Bf8 46. Kf3 Bg7 47. Bg3 Be5 48. Be1 h5 49. Bxa5 g4+ 50. Kg2 f4 51. hxg4 hxg4 52. Bc3 f3+ 53. Kf2 Bd4+ 54. Bxd4 cxd4 55. a5 Kd7 56. Nb4 Kc7 57. Kg3 Kb7 58. Nd3 Ka6 59. Kxg4 f2 60. Nxf2 Kxa5 61. Nd3 Ka4 62. Kf4 Kb3 63. c5 1/2-1/2